[ PARTIDA AOE2 · #468991892 ]
UnrankedLituanos vs None
Equipo del jugador · DERR
Equipo rival · VICT
[ ANÁLISIS DE REPETICIÓN · EXTRAÍDO DE LA PARTIDA GRABADA ]
Feudal
—
Castillos
—
Imperial
—
| APM promedio | 18.2 |
| APM pico | 59 |
| eAPM promedio | 11.9 |
| Aldeanos / militares | 120 / 474 |
Foco
⚔️ 46.7% · 🌾 53.3%
Leitis ×182 · Cavalry Archer ×159 · Scout Cavalry ×63 · Hand Cannoneer ×30 · Spearman ×23 · Bombard Cannon ×12
Feudal
11:45
Castillos
17:52
Imperial
36:29
| APM promedio | 39.5 |
| APM pico | 97 |
| eAPM promedio | 19.4 |
| Aldeanos / militares | 206 / 883 |
Foco
⚔️ 29.7% · 🌾 70.3%
Huskarl ×428 · Spearman ×420 · Bombard Cannon ×29 · Trade Cart ×14 · Mangonel ×4 · Monk ×2
Feudal
19:39
Castillos
34:56
Imperial
46:16
| APM promedio | 9.6 |
| APM pico | 28 |
| eAPM promedio | 7.1 |
| Aldeanos / militares | 110 / 223 |
Foco
⚔️ 51.4% · 🌾 48.6%
Skirmisher ×132 · Spearman ×26 · Iron Pagoda ×14 · Fire Lancer ×11 · Scout Cavalry ×10 · Scorpion ×9
Feudal
—
Castillos
—
Imperial
—
| APM promedio | 9.4 |
| APM pico | 34 |
| eAPM promedio | 7.8 |
| Aldeanos / militares | 106 / 1395 |
Foco
⚔️ 67.9% · 🌾 32.1%
Scout Cavalry ×481 · Spearman ×387 · Skirmisher ×301 · Cavalry Archer ×187 · Tarkan ×19 · Battering Ram ×10
Feudal
16:00
Castillos
29:37
Imperial
46:34
| APM promedio | 15.6 |
| APM pico | 118 |
| eAPM promedio | 11.8 |
| Aldeanos / militares | 120 / 392 |
Foco
⚔️ 50.0% · 🌾 50.0%
Rattan Archer ×150 · Spearman ×142 · Fire Lancer ×23 · Monk ×22 · Skirmisher ×21 · Bombard Cannon ×19
Feudal
—
Castillos
—
Imperial
—
| APM promedio | 15.3 |
| APM pico | 108 |
| eAPM promedio | 14.5 |
| Aldeanos / militares | 94 / 928 |
Foco
⚔️ 75.4% · 🌾 24.6%
Spearman ×464 · Skirmisher ×375 · Hand Cannoneer ×20 · War Wagon ×15 · Scout Cavalry ×14 · Fire Lancer ×13
Mapa de la partida
Recursos iniciales + cada clic de construcción. Líneas = muros · curvas = relieve. ◆ oro · ⬟ piedra · ● bayas · ✦ reliquia · ◌ hueco del cierre
Inputs por minuto
— PinBuckle914816 - - tadborowski
Build order — PinBuckle914816
Primeras 150 de 715 acciones detectadas
| 0:02 | Crear | Villager (Male) |
| 0:02 | Crear | Villager (Male) |
| 0:02 | Crear | Villager (Male) |
| 0:04 | Construir | House |
| 0:07 | Construir | House |
| 0:10 | Crear | Villager (Male) |
| 0:11 | Crear | Villager (Male) |
| 0:52 | Crear | Villager (Male) |
| 0:52 | Crear | Villager (Male) |
| 1:25 | Crear | Villager (Male) |
| 1:50 | Crear | Villager (Male) |
| 2:17 | Crear | Villager (Male) |
| 2:51 | Crear | Villager (Male) |
| 3:01 | Crear | Villager (Male) |
| 3:13 | Construir | House |
| 3:16 | Construir | House |
| 3:30 | Crear | Villager (Male) |
| 3:31 | Crear | Villager (Male) |
| 3:45 | Construir | Palisade Wall |
| 4:07 | Investigar | Loom |
| 5:08 | Construir | Lumber Camp |
| 5:10 | Crear | Villager (Male) |
| 5:12 | Crear | Villager (Male) |
| 5:12 | Crear | Villager (Male) |
| 5:38 | Construir | Palisade Wall |
| 7:29 | Construir | Mill |
| 8:06 | Investigar | Feudal Age |
| 8:06 | Investigar | Feudal Age |
| 8:27 | Construir | Mill |
| 8:28 | Crear | Villager (Male) |
| 8:44 | Construir | Farm |
| 8:48 | Construir | Farm |
| 8:57 | Construir | Farm |
| 9:13 | Construir | Farm |
| 9:50 | Construir | Farm |
| 9:56 | Crear | Villager (Male) |
| 9:56 | Crear | Villager (Male) |
| 10:18 | Crear | Villager (Male) |
| 10:25 | Investigar | Double-Bit Axe |
| 10:26 | Investigar | Double-Bit Axe |
| 10:31 | Investigar | Horse Collar |
| 10:31 | Investigar | Horse Collar |
| 11:02 | Crear | Villager (Male) |
| 11:11 | Construir | House |
| 11:13 | Construir | House |
| 11:15 | Construir | House |
| 11:34 | Crear | Villager (Male) |
| 11:37 | Construir | Mining Camp |
| 11:46 | Crear | Villager (Male) |
| 12:32 | Crear | Villager (Male) |
| 12:42 | Construir | House |
| 12:43 | Construir | House |
| 12:59 | Construir | Mining Camp |
| 13:04 | Crear | Villager (Male) |
| 13:04 | Crear | Villager (Male) |
| 13:05 | Crear | Villager (Male) |
| 13:06 | Crear | Villager (Male) |
| 13:42 | Construir | Blacksmith |
| 14:12 | Investigar | Wheelbarrow |
| 14:12 | Investigar | Town Watch |
| 14:12 | Investigar | Town Watch |
| 15:05 | Construir | Market |
| 15:30 | Construir | Farm |
| 15:34 | Crear | Villager (Male) |
| 15:34 | Crear | Villager (Male) |
| 16:39 | Construir | Barracks |
| 17:43 | Investigar | Castle Age |
| 17:46 | Construir | Farm |
| 17:50 | Construir | Farm |
| 18:04 | Crear | Spearman |
| 18:04 | Crear | Spearman |
| 18:21 | Construir | Stable |
| 18:23 | Construir | Stable |
| 19:02 | Construir | Stable |
| 19:23 | Construir | Lumber Camp |
| 19:33 | Investigar | Gold Mining |
| 19:34 | Investigar | Stone Mining |
| 19:43 | Investigar | Bloodlines |
| 20:03 | Crear | Villager (Male) |
| 20:04 | Crear | Villager (Male) |
| 20:05 | Crear | Villager (Male) |
| 20:05 | Crear | Villager (Male) |
| 20:46 | Construir | Town Center |
| 21:21 | Construir | Castle |
| 21:30 | Crear | Villager (Male) |
| 21:56 | Crear | Villager (Male) |
| 21:56 | Crear | Villager (Male) |
| 21:57 | Crear | Villager (Male) |
| 21:57 | Crear | Villager (Male) |
| 22:02 | Crear | Villager (Male) |
| 22:02 | Crear | Villager (Male) |
| 22:04 | Crear | Villager (Male) |
| 22:04 | Crear | Villager (Male) |
| 22:10 | Construir | Farm |
| 22:11 | Crear | Villager (Male) |
| 22:12 | Crear | Villager (Male) |
| 22:35 | Construir | Farm |
| 22:42 | Crear | Villager (Male) |
| 22:55 | Investigar | Stone Mining |
| 22:56 | Investigar | Stone Mining |
| 23:13 | Construir | Monastery |
| 23:15 | Construir | Farm |
| 23:24 | Construir | Farm |
| 23:37 | Construir | Farm |
| 23:54 | Crear | Villager (Male) |
| 23:54 | Crear | Villager (Male) |
| 24:17 | Construir | Town Center |
| 24:29 | Crear | Villager (Male) |
| 24:31 | Crear | Villager (Male) |
| 24:34 | Investigar | Bow Saw |
| 24:34 | Investigar | Bow Saw |
| 24:48 | Construir | House |
| 24:49 | Construir | House |
| 24:50 | Construir | House |
| 25:02 | Investigar | Heavy Plow |
| 25:08 | Crear | Villager (Male) |
| 25:09 | Crear | Villager (Male) |
| 25:09 | Crear | Villager (Male) |
| 25:29 | Crear | Monk |
| 25:29 | Crear | Monk |
| 25:43 | Crear | Villager (Male) |
| 25:43 | Crear | Villager (Male) |
| 25:44 | Crear | Villager (Male) |
| 25:44 | Crear | Villager (Male) |
| 25:45 | Crear | Villager (Male) |
| 25:48 | Construir | Farm |
| 25:52 | Construir | Farm |
| 25:55 | Crear | Villager (Male) |
| 25:57 | Construir | Farm |
| 26:02 | Construir | Farm |
| 26:07 | Construir | University |
| 26:15 | Investigar | Squires |
| 26:16 | Investigar | Arson |
| 26:29 | Crear | Villager (Male) |
| 26:29 | Crear | Villager (Male) |
| 26:31 | Construir | Farm |
| 26:35 | Construir | Farm |
| 26:41 | Construir | Farm |
| 26:43 | Construir | Farm |
| 26:48 | Construir | Farm |
| 26:49 | Crear | Villager (Male) |
| 26:50 | Crear | Villager (Male) |
| 26:54 | Crear | Villager (Male) |
| 27:02 | Construir | Farm |
| 27:09 | Crear | Villager (Male) |
| 27:11 | Crear | Villager (Male) |
| 27:12 | Crear | Villager (Male) |
| 27:19 | Construir | Town Center |
| 27:22 | Crear | Villager (Male) |
| 28:05 | Construir | Castle |
Build order — tadborowski
Primeras 150 de 731 acciones detectadas
| 0:04 | Construir | House |
| 0:05 | Investigar | Loom |
| 0:05 | Crear | Villager (Male) |
| 0:05 | Crear | Villager (Male) |
| 0:27 | Crear | Villager (Male) |
| 0:38 | Crear | Villager (Male) |
| 0:38 | Crear | Villager (Male) |
| 1:33 | Crear | Villager (Male) |
| 1:50 | Construir | House |
| 2:20 | Crear | Villager (Male) |
| 2:20 | Crear | Villager (Male) |
| 2:37 | Crear | Villager (Male) |
| 2:59 | Construir | Palisade Wall |
| 3:10 | Crear | Villager (Male) |
| 3:31 | Crear | Villager (Male) |
| 3:35 | Construir | House |
| 3:55 | Crear | Villager (Male) |
| 4:01 | Crear | Villager (Male) |
| 4:11 | Construir | Lumber Camp |
| 4:34 | Crear | Villager (Male) |
| 4:34 | Crear | Villager (Male) |
| 4:46 | Construir | Palisade Wall |
| 5:11 | Crear | Villager (Male) |
| 5:11 | Crear | Villager (Male) |
| 5:17 | Crear | Villager (Male) |
| 5:59 | Construir | House |
| 6:00 | Construir | House |
| 6:01 | Crear | Villager (Male) |
| 6:01 | Crear | Villager (Male) |
| 6:14 | Construir | Palisade Wall |
| 6:46 | Crear | Villager (Male) |
| 6:47 | Crear | Villager (Male) |
| 7:10 | Construir | Palisade Wall |
| 7:30 | Construir | Mill |
| 7:53 | Crear | Villager (Male) |
| 7:54 | Crear | Villager (Male) |
| 7:54 | Crear | Villager (Male) |
| 7:54 | Crear | Villager (Male) |
| 8:03 | Crear | Villager (Male) |
| 8:19 | Crear | Villager (Male) |
| 8:19 | Crear | Villager (Male) |
| 8:38 | Construir | Outpost |
| 8:40 | Construir | Palisade Wall |
| 8:48 | Construir | Lumber Camp |
| 9:14 | Construir | Mining Camp |
| 9:23 | Construir | Mining Camp |
| 9:35 | Investigar | Feudal Age |
| 10:13 | Crear | Villager (Male) |
| 10:31 | Crear | Villager (Male) |
| 10:40 | Construir | House |
| 11:35 | Construir | Mill |
| 11:45 | Edad | Edad Feudal |
| 12:05 | Construir | Mill |
| 12:20 | Investigar | Double-Bit Axe |
| 12:28 | Crear | Villager (Male) |
| 12:37 | Crear | Villager (Male) |
| 12:57 | Crear | Villager (Male) |
| 13:25 | Construir | Blacksmith |
| 13:29 | Construir | Market |
| 13:32 | Crear | Villager (Male) |
| 13:47 | Crear | Villager (Male) |
| 14:37 | Crear | Villager (Male) |
| 15:12 | Investigar | Castle Age |
| 15:12 | Investigar | Castle Age |
| 15:31 | Construir | Mining Camp |
| 15:44 | Investigar | Stone Mining |
| 16:20 | Investigar | Gold Mining |
| 17:00 | Investigar | Town Watch |
| 17:04 | Crear | Villager (Male) |
| 17:17 | Construir | Outpost |
| 17:22 | Construir | House |
| 17:52 | Edad | Edad de los Castillos |
| 17:57 | Construir | Town Center |
| 18:04 | Investigar | Bow Saw |
| 18:31 | Construir | Watch Tower |
| 18:36 | Construir | Palisade Wall |
| 18:41 | Crear | Villager (Male) |
| 18:43 | Investigar | Horse Collar |
| 19:00 | Crear | Villager (Male) |
| 19:19 | Investigar | Heavy Plow |
| 19:41 | Crear | Villager (Male) ×2 |
| 19:47 | Construir | Farm |
| 19:48 | Construir | Farm |
| 20:07 | Construir | House |
| 20:21 | Construir | Farm |
| 20:35 | Crear | Villager (Male) ×2 |
| 20:38 | Construir | Farm |
| 20:44 | Construir | Farm |
| 20:44 | Crear | Villager (Male) |
| 20:49 | Construir | Farm |
| 20:55 | Construir | Farm |
| 21:04 | Construir | Farm |
| 21:22 | Construir | House |
| 21:23 | Construir | House |
| 21:28 | Construir | House |
| 21:30 | Crear | Villager (Male) |
| 21:32 | Construir | Farm |
| 21:36 | Construir | Farm |
| 21:47 | Construir | Farm |
| 21:48 | Construir | Mill |
| 21:52 | Construir | Farm |
| 21:53 | Crear | Villager (Male) |
| 21:59 | Construir | Farm |
| 22:06 | Crear | Villager (Male) ×3 |
| 22:18 | Construir | House |
| 22:25 | Crear | Villager (Male) |
| 22:34 | Construir | Farm |
| 22:36 | Crear | Villager (Male) |
| 22:43 | Construir | Town Center |
| 22:51 | Crear | Villager (Male) |
| 23:00 | Construir | Farm |
| 23:01 | Crear | Villager (Male) |
| 23:22 | Crear | Villager (Male) |
| 23:25 | Construir | Farm |
| 23:27 | Crear | Villager (Male) |
| 23:34 | Construir | Town Center |
| 23:37 | Crear | Villager (Male) |
| 23:49 | Construir | Farm |
| 23:50 | Crear | Villager (Male) |
| 24:13 | Investigar | Wheelbarrow |
| 24:14 | Investigar | Wheelbarrow |
| 24:17 | Construir | Farm |
| 24:22 | Construir | Farm |
| 24:23 | Crear | Villager (Male) |
| 24:27 | Construir | Farm |
| 24:30 | Construir | Farm |
| 24:30 | Crear | Villager (Male) |
| 24:41 | Crear | Villager (Male) |
| 24:45 | Construir | Monastery |
| 24:51 | Construir | Farm |
| 24:56 | Crear | Villager (Male) ×2 |
| 24:58 | Construir | Farm |
| 25:11 | Construir | Farm |
| 25:12 | Crear | Villager (Male) |
| 25:15 | Crear | Villager (Male) |
| 25:18 | Crear | Villager (Male) |
| 25:21 | Crear | Villager (Male) |
| 25:32 | Construir | Castle |
| 25:38 | Crear | Monk |
| 25:41 | Construir | House |
| 25:42 | Construir | House |
| 25:47 | Crear | Villager (Male) ×2 |
| 25:49 | Construir | Farm |
| 25:51 | Construir | Farm |
| 25:54 | Construir | Farm |
| 25:56 | Crear | Villager (Male) ×2 |
| 25:57 | Crear | Villager (Male) |
| 26:02 | Construir | Farm |
| 26:03 | Crear | Villager (Male) |
| 26:07 | Crear | Villager (Male) |
Build order — Ludopata
Primeras 150 de 450 acciones detectadas
| 0:12 | Construir | House |
| 0:13 | Construir | House |
| 0:16 | Crear | Villager (Male) ×4 |
| 0:17 | Crear | Villager (Male) ×4 |
| 1:24 | Construir | House |
| 1:27 | Crear | Villager (Male) |
| 1:27 | Crear | Villager (Male) |
| 2:02 | Investigar | Loom |
| 2:19 | Crear | Villager (Male) |
| 2:19 | Crear | Villager (Male) |
| 2:44 | Construir | Palisade Wall |
| 3:32 | Construir | Palisade Wall |
| 4:27 | Construir | Palisade Wall |
| 4:57 | Crear | Villager (Male) |
| 4:58 | Crear | Villager (Male) |
| 4:58 | Crear | Villager (Male) |
| 4:58 | Crear | Villager (Male) |
| 4:58 | Crear | Villager (Male) |
| 5:32 | Crear | Villager (Male) |
| 6:54 | Construir | Mill |
| 7:22 | Construir | House |
| 8:04 | Construir | House |
| 8:26 | Construir | House |
| 8:50 | Construir | Lumber Camp |
| 8:57 | Crear | Villager (Male) |
| 8:57 | Crear | Villager (Male) |
| 8:57 | Crear | Villager (Male) |
| 8:57 | Crear | Villager (Male) |
| 8:58 | Crear | Villager (Male) |
| 9:17 | Construir | House |
| 10:13 | Construir | Palisade Wall |
| 11:30 | Construir | Palisade Wall |
| 12:53 | Construir | Mill |
| 13:00 | Crear | Villager (Male) |
| 13:01 | Crear | Villager (Male) |
| 13:01 | Crear | Villager (Male) |
| 13:01 | Crear | Villager (Male) |
| 13:31 | Construir | House |
| 13:34 | Construir | House |
| 13:36 | Construir | House |
| 13:38 | Construir | House |
| 14:17 | Construir | House |
| 15:12 | Construir | Barracks |
| 15:58 | Construir | Palisade Wall |
| 16:03 | Crear | Militia |
| 16:03 | Crear | Militia |
| 16:03 | Crear | Militia |
| 17:09 | Construir | Palisade Wall |
| 17:29 | Investigar | Feudal Age |
| 18:43 | Construir | Palisade Wall |
| 19:37 | Construir | Building 800 |
| 19:39 | Edad | Edad Feudal |
| 19:58 | Investigar | Double-Bit Axe |
| 20:01 | Crear | Villager (Male) |
| 20:02 | Crear | Villager (Male) |
| 20:02 | Crear | Villager (Male) |
| 20:02 | Crear | Villager (Male) |
| 20:03 | Crear | Villager (Male) |
| 20:25 | Construir | Mining Camp |
| 20:40 | Construir | House |
| 21:20 | Construir | Stone Wall |
| 21:38 | Construir | Pasture |
| 21:52 | Construir | Pasture |
| 21:56 | Construir | Pasture |
| 21:58 | Construir | Pasture |
| 21:59 | Construir | Pasture |
| 22:03 | Construir | Pasture |
| 22:18 | Construir | Stone Wall |
| 22:35 | Construir | Watch Tower |
| 22:54 | Investigar | Tech 1014 |
| 22:58 | Crear | Villager (Male) |
| 22:58 | Crear | Villager (Male) |
| 22:59 | Crear | Villager (Male) |
| 22:59 | Crear | Villager (Male) |
| 23:10 | Construir | Mining Camp |
| 24:08 | Construir | Watch Tower |
| 24:59 | Construir | Stone Wall |
| 25:20 | Crear | Militia |
| 25:20 | Crear | Militia |
| 25:20 | Crear | Militia |
| 25:56 | Construir | Stone Wall |
| 26:15 | Construir | Stone Wall |
| 26:33 | Crear | Villager (Male) |
| 26:34 | Crear | Villager (Male) |
| 26:34 | Crear | Villager (Male) |
| 26:34 | Crear | Villager (Male) |
| 26:46 | Construir | Pasture |
| 26:47 | Construir | Pasture |
| 27:38 | Construir | Stone Wall |
| 28:29 | Construir | Stone Wall |
| 28:53 | Construir | Stone Wall |
| 28:59 | Crear | Villager (Male) |
| 28:59 | Crear | Villager (Male) |
| 29:00 | Crear | Villager (Male) |
| 29:00 | Crear | Villager (Male) |
| 29:01 | Crear | Villager (Male) |
| 29:49 | Construir | Market |
| 30:11 | Construir | Mining Camp |
| 31:05 | Construir | Watch Tower |
| 31:31 | Construir | Blacksmith |
| 32:09 | Construir | Lumber Camp |
| 32:16 | Investigar | Castle Age |
| 33:34 | Construir | Stone Wall |
| 34:20 | Construir | Stone Wall |
| 34:56 | Edad | Edad de los Castillos |
| 35:03 | Investigar | Bow Saw |
| 36:23 | Construir | Siege Workshop |
| 36:54 | Construir | University |
| 37:19 | Construir | Town Center |
| 37:36 | Investigar | Fortified Wall (upgrade) |
| 37:56 | Crear | Villager (Male) |
| 37:56 | Crear | Villager (Male) |
| 37:56 | Crear | Villager (Male) |
| 37:57 | Crear | Villager (Male) |
| 37:57 | Crear | Villager (Male) |
| 37:57 | Crear | Villager (Male) |
| 37:58 | Crear | Villager (Male) |
| 37:58 | Crear | Villager (Male) |
| 37:58 | Crear | Villager (Male) |
| 37:59 | Crear | Villager (Male) |
| 38:09 | Crear | Iron Pagoda |
| 38:10 | Crear | Iron Pagoda |
| 38:10 | Crear | Iron Pagoda |
| 38:53 | Construir | Siege Workshop |
| 39:09 | Investigar | Heated Shot |
| 39:12 | Crear | Villager (Male) |
| 39:12 | Crear | Villager (Male) |
| 39:12 | Crear | Villager (Male) |
| 39:13 | Crear | Villager (Male) |
| 39:13 | Crear | Villager (Male) |
| 39:50 | Construir | Town Center |
| 39:53 | Crear | Villager (Male) |
| 39:53 | Crear | Villager (Male) |
| 39:54 | Crear | Villager (Male) |
| 39:54 | Crear | Villager (Male) |
| 40:31 | Construir | Town Center |
| 41:02 | Crear | Villager (Male) |
| 41:03 | Crear | Villager (Male) |
| 41:03 | Crear | Villager (Male) |
| 41:04 | Crear | Villager (Male) |
| 41:21 | Crear | Villager (Male) |
| 41:21 | Crear | Villager (Male) |
| 41:21 | Crear | Villager (Male) |
| 41:22 | Crear | Villager (Male) |
| 41:22 | Crear | Villager (Male) |
| 41:46 | Crear | Iron Pagoda |
| 41:47 | Crear | Iron Pagoda |
| 41:58 | Crear | Villager (Male) |
| 41:58 | Crear | Villager (Male) |
| 41:58 | Crear | Villager (Male) |
Build order — LevelH3ro
Primeras 150 de 498 acciones detectadas
| 0:24 | Crear | Villager (Male) ×4 |
| 0:24 | Crear | Villager (Male) ×4 |
| 1:51 | Construir | Palisade Wall |
| 2:22 | Construir | Palisade Wall |
| 2:27 | Construir | Building 804 |
| 2:39 | Construir | Palisade Gate |
| 4:18 | Crear | Villager (Male) ×5 |
| 4:19 | Crear | Villager (Male) ×5 |
| 4:56 | Crear | Villager (Male) |
| 4:57 | Crear | Villager (Male) |
| 5:47 | Crear | Villager (Male) ×2 |
| 7:26 | Crear | Villager (Male) ×3 |
| 7:41 | Construir | Mill |
| 7:55 | Crear | Villager (Male) ×2 |
| 7:55 | Crear | Villager (Male) ×2 |
| 8:46 | Construir | Lumber Camp |
| 10:00 | Construir | Mining Camp |
| 10:46 | Crear | Villager (Male) ×5 |
| 10:46 | Crear | Villager (Male) ×5 |
| 11:33 | Crear | Villager (Male) |
| 11:59 | Construir | Lumber Camp |
| 12:34 | Construir | Lumber Camp |
| 12:49 | Construir | Farm |
| 12:52 | Crear | Villager (Male) ×5 |
| 12:52 | Crear | Villager (Male) ×5 |
| 13:04 | Construir | Farm |
| 13:27 | Construir | Farm |
| 13:38 | Construir | Farm |
| 13:40 | Construir | Farm |
| 13:41 | Construir | Farm |
| 13:43 | Construir | Farm |
| 13:58 | Construir | Farm |
| 14:08 | Crear | Villager (Male) |
| 14:27 | Crear | Villager (Male) |
| 14:55 | Construir | Barracks |
| 15:40 | Construir | Mining Camp |
| 15:46 | Investigar | Feudal Age |
| 16:03 | Crear | Villager (Male) |
| 16:17 | Crear | Militia |
| 17:10 | Crear | Villager (Male) ×4 |
| 17:30 | Crear | Villager (Male) ×2 |
| 18:21 | Investigar | Wheelbarrow |
| 18:36 | Investigar | Double-Bit Axe |
| 18:57 | Investigar | Horse Collar |
| 19:15 | Construir | Blacksmith |
| 19:27 | Construir | Mining Camp |
| 19:36 | Crear | Villager (Male) |
| 19:50 | Construir | Archery Range |
| 19:57 | Construir | Stable |
| 20:07 | Construir | Watch Tower |
| 20:20 | Crear | Villager (Male) |
| 20:23 | Crear | Villager (Male) ×5 |
| 21:14 | Construir | Lumber Camp |
| 21:24 | Construir | Farm |
| 22:06 | Crear | Skirmisher |
| 22:11 | Investigar | Padded Archer Armor |
| 22:12 | Investigar | Scale Mail Armor |
| 22:22 | Construir | Farm |
| 22:24 | Construir | Farm |
| 22:26 | Construir | Farm |
| 22:34 | Construir | Farm |
| 22:38 | Construir | Farm |
| 22:48 | Construir | Farm |
| 22:54 | Crear | Villager (Male) ×5 |
| 22:59 | Crear | Scout Cavalry |
| 23:07 | Crear | Skirmisher ×3 |
| 23:14 | Construir | Farm |
| 23:19 | Crear | Villager (Male) |
| 23:30 | Crear | Spearman ×2 |
| 23:36 | Crear | Skirmisher |
| 24:14 | Construir | Mill |
| 24:19 | Construir | Farm |
| 24:29 | Construir | Farm |
| 24:31 | Construir | Farm |
| 24:33 | Construir | Farm |
| 24:39 | Investigar | Fletching |
| 24:40 | Investigar | Forging |
| 24:46 | Investigar | Arson |
| 24:56 | Crear | Villager (Male) ×2 |
| 25:11 | Construir | Barracks |
| 25:23 | Construir | Archery Range |
| 25:30 | Construir | Stable |
| 25:48 | Construir | Farm |
| 25:52 | Construir | Farm |
| 26:01 | Construir | Farm |
| 26:09 | Investigar | Bloodlines |
| 26:49 | Investigar | Castle Age |
| 26:50 | Crear | Villager (Male) |
| 26:58 | Crear | Scout Cavalry |
| 26:59 | Crear | Scout Cavalry |
| 27:30 | Crear | Scout Cavalry ×3 |
| 27:31 | Crear | Scout Cavalry ×3 |
| 27:45 | Crear | Scout Cavalry ×2 |
| 28:20 | Crear | Villager (Male) ×5 |
| 28:44 | Construir | Farm |
| 31:10 | Construir | Mill |
| 31:17 | Construir | Farm |
| 31:19 | Construir | Farm |
| 31:22 | Construir | Farm |
| 31:32 | Construir | Farm |
| 32:00 | Investigar | Hand Cart |
| 32:01 | Crear | Villager (Male) ×5 |
| 32:14 | Construir | Farm |
| 32:16 | Construir | Farm |
| 32:30 | Investigar | Bow Saw |
| 32:36 | Investigar | Iron Casting |
| 32:36 | Investigar | Bodkin Arrow |
| 32:37 | Investigar | Leather Archer Armor |
| 32:37 | Investigar | Chain Mail Armor |
| 32:37 | Investigar | Scale Barding Armor |
| 32:41 | Investigar | Heavy Plow |
| 33:54 | Construir | Castle |
| 34:34 | Construir | Monastery |
| 34:46 | Construir | Mining Camp |
| 35:00 | Construir | Siege Workshop |
| 35:04 | Construir | Siege Workshop |
| 35:09 | Construir | Stable |
| 35:14 | Construir | Stable |
| 35:25 | Crear | Villager (Male) ×5 |
| 35:46 | Investigar | Pikeman (upgrade) |
| 35:47 | Investigar | Squires |
| 35:52 | Investigar | Elite Skirmisher (upgrade) |
| 36:18 | Construir | Mining Camp |
| 36:24 | Crear | Monk |
| 36:31 | Construir | Mining Camp |
| 37:21 | Investigar | Imperial Age |
| 37:34 | Construir | Farm |
| 38:35 | Construir | Stable |
| 38:40 | Construir | Stable |
| 38:42 | Construir | Stable |
| 38:45 | Construir | Stable |
| 38:56 | Construir | Archery Range |
| 38:58 | Construir | Archery Range |
| 39:01 | Construir | Archery Range |
| 39:07 | Construir | Archery Range |
| 39:18 | Construir | Barracks |
| 39:20 | Construir | Barracks |
| 39:22 | Construir | Barracks |
| 39:27 | Construir | Barracks |
| 39:29 | Construir | Barracks |
| 39:40 | Construir | Siege Workshop |
| 39:46 | Construir | Siege Workshop |
| 39:53 | Investigar | Marauders |
| 40:13 | Construir | Lumber Camp |
| 40:23 | Construir | Lumber Camp |
| 40:35 | Construir | Lumber Camp |
| 40:58 | Construir | Lumber Camp |
| 41:26 | Crear | Villager (Male) ×5 |
| 41:52 | Investigar | Tech 2 |
| 41:53 | Investigar | Atheism |
Build order — GheeButtersnaps
Primeras 150 de 688 acciones detectadas
| 0:06 | Crear | Villager (Male) |
| 0:06 | Crear | Villager (Male) |
| 0:13 | Construir | House |
| 0:14 | Construir | House |
| 0:42 | Crear | Villager (Male) |
| 0:57 | Crear | Villager (Male) |
| 1:18 | Construir | Lumber Camp |
| 2:22 | Crear | Villager (Male) |
| 2:59 | Construir | Palisade Wall |
| 3:49 | Crear | Villager (Male) |
| 3:50 | Crear | Villager (Male) |
| 3:50 | Crear | Villager (Male) |
| 4:03 | Investigar | Loom |
| 5:03 | Crear | Villager (Male) |
| 6:12 | Construir | Mill |
| 6:16 | Crear | Villager (Male) |
| 6:17 | Crear | Villager (Male) |
| 6:17 | Crear | Villager (Male) |
| 7:02 | Construir | House |
| 7:04 | Construir | House |
| 7:06 | Construir | House |
| 7:07 | Construir | House |
| 7:10 | Construir | House |
| 7:46 | Crear | Villager (Male) |
| 7:46 | Crear | Villager (Male) |
| 8:02 | Crear | Villager (Male) |
| 9:20 | Crear | Villager (Male) |
| 9:20 | Crear | Villager (Male) |
| 9:20 | Crear | Villager (Male) |
| 9:20 | Crear | Villager (Male) |
| 9:21 | Crear | Villager (Male) |
| 10:12 | Construir | Palisade Wall |
| 10:22 | Construir | Palisade Wall |
| 10:30 | Construir | Palisade Wall |
| 10:39 | Construir | Palisade Wall |
| 10:44 | Construir | Palisade Wall |
| 11:02 | Construir | Farm |
| 11:02 | Construir | Farm |
| 11:02 | Construir | Farm |
| 11:02 | Construir | Farm |
| 11:05 | Construir | Farm |
| 11:05 | Construir | Farm |
| 11:49 | Construir | Farm |
| 11:56 | Crear | Villager (Male) |
| 11:57 | Crear | Villager (Male) |
| 11:57 | Crear | Villager (Male) |
| 12:44 | Construir | Mining Camp |
| 13:38 | Construir | Outpost |
| 13:50 | Investigar | Feudal Age |
| 13:52 | Crear | Villager (Male) |
| 13:52 | Crear | Villager (Male) |
| 13:53 | Crear | Villager (Male) |
| 15:06 | Construir | Outpost |
| 15:30 | Construir | Outpost |
| 16:00 | Edad | Edad Feudal |
| 16:21 | Construir | Barracks |
| 16:23 | Construir | Barracks |
| 16:26 | Construir | Barracks |
| 16:43 | Construir | Mining Camp |
| 16:56 | Investigar | Double-Bit Axe |
| 17:00 | Crear | Villager (Male) |
| 17:01 | Crear | Villager (Male) |
| 17:01 | Crear | Villager (Male) |
| 17:01 | Crear | Villager (Male) |
| 17:12 | Construir | Farm |
| 17:30 | Crear | Militia |
| 17:30 | Crear | Militia |
| 18:07 | Crear | Militia |
| 18:45 | Crear | Villager (Male) |
| 19:30 | Construir | Blacksmith |
| 19:36 | Construir | Market |
| 19:40 | Crear | Villager (Male) |
| 19:40 | Crear | Villager (Male) |
| 19:41 | Crear | Villager (Male) |
| 19:41 | Crear | Villager (Male) |
| 20:39 | Construir | Watch Tower |
| 21:06 | Construir | Farm |
| 21:07 | Construir | Farm |
| 21:07 | Construir | Farm |
| 21:15 | Investigar | Man-at-Arms (upgrade) |
| 21:17 | Investigar | Arson |
| 22:09 | Construir | Farm |
| 22:36 | Construir | Farm |
| 22:37 | Crear | Villager (Male) |
| 22:37 | Crear | Villager (Male) |
| 22:37 | Crear | Villager (Male) |
| 22:38 | Crear | Villager (Male) |
| 22:43 | Investigar | Wheelbarrow |
| 23:17 | Crear | Villager (Male) |
| 23:17 | Crear | Villager (Male) |
| 23:54 | Investigar | Gold Mining |
| 24:00 | Construir | Farm |
| 24:04 | Crear | Villager (Male) |
| 24:05 | Crear | Villager (Male) |
| 24:26 | Construir | Archery Range |
| 24:29 | Construir | Archery Range |
| 24:30 | Construir | Archery Range |
| 24:51 | Construir | House |
| 24:53 | Construir | House |
| 24:59 | Construir | House |
| 25:02 | Construir | House |
| 25:25 | Investigar | Horse Collar |
| 25:29 | Investigar | Stone Mining |
| 25:51 | Crear | Archer |
| 25:51 | Crear | Archer |
| 25:51 | Crear | Archer |
| 25:51 | Crear | Archer |
| 25:52 | Crear | Archer |
| 25:52 | Crear | Archer |
| 25:52 | Crear | Archer |
| 26:03 | Crear | Villager (Male) |
| 26:03 | Crear | Villager (Male) |
| 26:03 | Crear | Villager (Male) |
| 26:04 | Crear | Villager (Male) |
| 26:04 | Crear | Villager (Male) |
| 26:04 | Crear | Villager (Male) |
| 26:57 | Investigar | Castle Age |
| 27:07 | Construir | Farm |
| 27:07 | Construir | Farm |
| 27:10 | Construir | Farm |
| 27:34 | Construir | Watch Tower |
| 27:45 | Construir | Mining Camp |
| 27:53 | Construir | Farm |
| 28:01 | Crear | Villager (Male) |
| 28:01 | Crear | Villager (Male) |
| 28:02 | Crear | Villager (Male) |
| 28:02 | Crear | Villager (Male) |
| 28:31 | Crear | Archer |
| 28:31 | Crear | Archer |
| 28:31 | Crear | Archer |
| 28:31 | Crear | Archer |
| 28:38 | Crear | Skirmisher |
| 28:38 | Crear | Skirmisher |
| 28:38 | Crear | Skirmisher |
| 28:39 | Crear | Skirmisher |
| 28:39 | Crear | Skirmisher |
| 28:39 | Crear | Skirmisher |
| 28:39 | Crear | Skirmisher |
| 28:40 | Crear | Skirmisher |
| 28:40 | Crear | Skirmisher |
| 28:40 | Crear | Skirmisher |
| 28:40 | Crear | Skirmisher |
| 28:40 | Crear | Skirmisher |
| 28:40 | Crear | Skirmisher |
| 28:41 | Crear | Skirmisher |
| 28:41 | Crear | Skirmisher |
| 28:41 | Crear | Skirmisher |
| 28:41 | Crear | Skirmisher |
| 28:41 | Crear | Skirmisher |
| 28:42 | Crear | Skirmisher |
Build order — JUEZ94
Primeras 150 de 1254 acciones detectadas
| 0:23 | Construir | House |
| 0:27 | Construir | House |
| 0:30 | Construir | House |
| 0:37 | Crear | Villager (Male) |
| 0:37 | Crear | Villager (Male) |
| 0:37 | Crear | Villager (Male) |
| 0:37 | Crear | Villager (Male) |
| 0:37 | Crear | Villager (Male) |
| 1:55 | Crear | Villager (Male) |
| 2:28 | Construir | Lumber Camp |
| 3:33 | Crear | Villager (Male) |
| 3:33 | Crear | Villager (Male) |
| 3:33 | Crear | Villager (Male) |
| 4:07 | Crear | Villager (Male) |
| 4:43 | Crear | Villager (Male) |
| 4:53 | Crear | Villager (Male) |
| 4:55 | Investigar | Loom |
| 5:06 | Crear | Villager (Male) |
| 5:35 | Crear | Villager (Male) |
| 5:46 | Crear | Villager (Male) |
| 6:07 | Crear | Villager (Male) |
| 6:21 | Construir | Mill |
| 6:48 | Crear | Villager (Male) |
| 7:12 | Crear | Villager (Male) |
| 8:13 | Crear | Villager (Male) |
| 8:13 | Crear | Villager (Male) |
| 8:36 | Construir | House |
| 8:39 | Construir | House |
| 8:42 | Construir | House |
| 10:18 | Construir | Barracks |
| 10:35 | Construir | Mill |
| 11:36 | Crear | Militia |
| 11:36 | Crear | Militia |
| 12:35 | Investigar | Feudal Age |
| 13:23 | Construir | House |
| 13:25 | Construir | House |
| 13:28 | Construir | House |
| 13:30 | Construir | House |
| 13:33 | Construir | House |
| 13:36 | Construir | House |
| 13:39 | Construir | House |
| 13:42 | Construir | House |
| 14:48 | Investigar | Double-Bit Axe |
| 14:53 | Investigar | Wheelbarrow |
| 14:53 | Investigar | Town Watch |
| 14:56 | Investigar | Horse Collar |
| 15:00 | Crear | Villager (Male) |
| 15:40 | Crear | Spearman |
| 15:40 | Crear | Spearman |
| 15:41 | Crear | Spearman |
| 15:41 | Crear | Spearman |
| 17:12 | Construir | Farm |
| 17:17 | Construir | Farm |
| 17:22 | Construir | Farm |
| 17:27 | Construir | Farm |
| 17:31 | Construir | Farm |
| 17:36 | Construir | Farm |
| 17:41 | Construir | Farm |
| 17:47 | Construir | Farm |
| 17:56 | Construir | Farm |
| 18:01 | Construir | Farm |
| 18:09 | Construir | Farm |
| 18:18 | Construir | Farm |
| 18:29 | Construir | Mining Camp |
| 18:32 | Crear | Villager (Male) |
| 18:33 | Crear | Villager (Male) |
| 18:33 | Crear | Villager (Male) |
| 18:41 | Crear | Villager (Male) |
| 18:51 | Construir | House |
| 18:54 | Construir | House |
| 18:57 | Construir | House |
| 18:59 | Construir | House |
| 19:27 | Construir | Stone Wall |
| 19:44 | Investigar | Man-at-Arms (upgrade) |
| 19:50 | Investigar | Gold Mining |
| 20:06 | Crear | Villager (Male) |
| 20:09 | Crear | Villager (Male) |
| 20:09 | Crear | Villager (Male) |
| 20:09 | Crear | Villager (Male) |
| 20:09 | Crear | Villager (Male) |
| 20:10 | Crear | Villager (Male) |
| 20:10 | Crear | Villager (Male) |
| 20:10 | Crear | Villager (Male) |
| 20:22 | Construir | Farm |
| 20:45 | Construir | Stable |
| 21:09 | Construir | Stable |
| 21:15 | Construir | Farm |
| 22:06 | Construir | Farm |
| 22:11 | Construir | Farm |
| 22:37 | Construir | Farm |
| 22:44 | Construir | Farm |
| 22:54 | Construir | Farm |
| 22:59 | Construir | Farm |
| 23:15 | Construir | Blacksmith |
| 23:24 | Crear | Villager (Male) |
| 23:24 | Crear | Villager (Male) |
| 23:25 | Crear | Villager (Male) |
| 23:25 | Crear | Villager (Male) |
| 23:40 | Construir | Lumber Camp |
| 24:07 | Construir | Stone Wall |
| 24:45 | Construir | Farm |
| 24:54 | Crear | Scout Cavalry |
| 24:54 | Crear | Scout Cavalry |
| 24:57 | Investigar | Castle Age |
| 25:20 | Construir | House |
| 25:23 | Construir | House |
| 25:50 | Crear | Scout Cavalry |
| 25:50 | Crear | Scout Cavalry |
| 25:50 | Crear | Scout Cavalry |
| 25:51 | Crear | Scout Cavalry |
| 25:51 | Crear | Scout Cavalry |
| 25:51 | Crear | Scout Cavalry |
| 25:51 | Crear | Scout Cavalry |
| 25:52 | Crear | Scout Cavalry |
| 25:52 | Crear | Scout Cavalry |
| 25:52 | Crear | Scout Cavalry |
| 25:53 | Crear | Scout Cavalry |
| 25:53 | Crear | Scout Cavalry |
| 26:04 | Construir | Outpost |
| 26:36 | Construir | Mining Camp |
| 26:39 | Investigar | Stone Mining |
| 26:42 | Crear | Villager (Male) |
| 26:42 | Crear | Villager (Male) |
| 26:43 | Crear | Villager (Male) |
| 26:43 | Crear | Villager (Male) |
| 26:43 | Crear | Villager (Male) |
| 27:00 | Construir | Barracks |
| 27:05 | Construir | Barracks |
| 27:57 | Investigar | Hand Cart |
| 27:58 | Investigar | Town Patrol |
| 28:04 | Investigar | Bow Saw |
| 28:24 | Investigar | Forging |
| 28:55 | Construir | Mining Camp |
| 28:58 | Crear | Villager (Male) |
| 28:59 | Crear | Villager (Male) |
| 28:59 | Crear | Villager (Male) |
| 29:07 | Construir | House |
| 29:11 | Construir | House |
| 29:19 | Construir | Farm |
| 29:45 | Construir | Farm |
| 29:58 | Investigar | Stone Shaft Mining |
| 29:59 | Investigar | Gold Shaft Mining |
| 30:23 | Crear | Villager (Male) |
| 30:23 | Crear | Villager (Male) |
| 30:23 | Crear | Villager (Male) |
| 30:24 | Crear | Villager (Male) |
| 30:24 | Crear | Villager (Male) |
| 30:31 | Crear | Villager (Male) |
| 30:31 | Crear | Villager (Male) |
| 30:31 | Crear | Villager (Male) |
Cronología de la partida
| 1:51 | LevelH3ro · wall_segment Palisade Wall x7 |
| 2:22 | LevelH3ro · wall_segment Palisade Wall x12 |
| 2:44 | Ludopata · wall_segment Palisade Wall x11 |
| 2:59 | tadborowski · wall_segment Palisade Wall x12 |
| 2:59 | GheeButtersnaps · wall_segment Palisade Wall x12 |
| 3:32 | Ludopata · wall_segment Palisade Wall x13 |
| 3:45 | PinBuckle914816 · wall_segment Palisade Wall x7 |
| 4:27 | Ludopata · wall_segment Palisade Wall x16 |
| 4:46 | tadborowski · wall_segment Palisade Wall x11 |
| 5:38 | PinBuckle914816 · wall_segment Palisade Wall x11 |
| 6:14 | tadborowski · wall_segment Palisade Wall x13 |
| 7:10 | tadborowski · wall_segment Palisade Wall x13 |
| 8:40 | tadborowski · wall_segment Palisade Wall x13 |
| 10:12 | GheeButtersnaps · wall_segment Palisade Wall x6 |
| 10:13 | Ludopata · wall_segment Palisade Wall x23 |
| 10:18 | JUEZ94 · first_building Barracks |
| 10:22 | GheeButtersnaps · wall_segment Palisade Wall x5 |
| 10:30 | GheeButtersnaps · wall_segment Palisade Wall x5 |
| 10:39 | GheeButtersnaps · wall_segment Palisade Wall x2 |
| 10:44 | GheeButtersnaps · wall_segment Palisade Wall x2 |
| 11:30 | Ludopata · wall_segment Palisade Wall x12 |
| 11:45 | tadborowski · age_up feudal |
| 14:55 | LevelH3ro · first_building Barracks |
| 15:12 | Ludopata · first_building Barracks |
| 15:58 | Ludopata · wall_segment Palisade Wall x17 |
| 16:00 | GheeButtersnaps · age_up feudal |
| 16:21 | GheeButtersnaps · first_building Barracks |
| 16:39 | PinBuckle914816 · first_building Barracks |
| 17:09 | Ludopata · wall_segment Palisade Wall x11 |
| 17:52 | tadborowski · age_up castle |
| 18:21 | PinBuckle914816 · first_building Stable |
| 18:36 | tadborowski · wall_segment Palisade Wall x1 |
| 18:43 | Ludopata · wall_segment Palisade Wall x5 |
| 18:58 | tadborowski · first_market_buy 100 food |
| 19:27 | JUEZ94 · wall_segment Stone Wall x28 |
| 19:37 | tadborowski · first_market_sell 100 stone |
| 19:39 | Ludopata · age_up feudal |
| 19:50 | LevelH3ro · first_building Archery Range |
| 19:57 | LevelH3ro · first_building Stable |
| 20:00 | PinBuckle914816 · first_market_buy 100 wood |
| 20:45 | JUEZ94 · first_building Stable |
| 21:20 | Ludopata · wall_segment Stone Wall x12 |
| 21:21 | PinBuckle914816 · first_building Castle |
| 22:18 | Ludopata · wall_segment Stone Wall x10 |
| 23:13 | PinBuckle914816 · first_building Monastery |
| 24:07 | JUEZ94 · wall_segment Stone Wall x7 |
| 24:26 | GheeButtersnaps · first_building Archery Range |
| 24:45 | tadborowski · first_building Monastery |
| 24:59 | Ludopata · wall_segment Stone Wall x12 |
| 25:32 | tadborowski · first_building Castle |
| 25:56 | Ludopata · wall_segment Stone Wall x10 |
| 26:15 | Ludopata · wall_segment Stone Wall x11 |
| 26:40 | GheeButtersnaps · first_market_sell 100 wood |
| 26:45 | GheeButtersnaps · first_market_buy 100 food |
| 27:38 | Ludopata · wall_segment Stone Wall x3 |
| 28:29 | Ludopata · wall_segment Stone Wall x11 |
| 28:53 | Ludopata · wall_segment Stone Wall x11 |
| 29:37 | GheeButtersnaps · age_up castle |
| 30:11 | tadborowski · first_building Barracks |
| 32:15 | PinBuckle914816 · wall_segment Stone Wall x11 |
| 32:41 | JUEZ94 · first_building Monastery |
| 33:34 | Ludopata · wall_segment Stone Wall x18 |
| 33:44 | GheeButtersnaps · first_building Monastery |
| 33:45 | PinBuckle914816 · wall_segment Stone Wall x10 |
| 33:47 | PinBuckle914816 · wall_segment Stone Wall x11 |
| 33:54 | LevelH3ro · first_building Castle |
| 34:05 | PinBuckle914816 · wall_segment Stone Wall x17 |
| 34:20 | Ludopata · wall_segment Stone Wall x11 |
| 34:34 | LevelH3ro · first_building Monastery |
| 34:56 | Ludopata · age_up castle |
| 35:00 | LevelH3ro · first_building Siege Workshop |
| 35:25 | tadborowski · first_building Siege Workshop |
| 35:29 | PinBuckle914816 · first_building Siege Workshop |
| 36:23 | Ludopata · first_building Siege Workshop |
| 36:29 | tadborowski · age_up imperial |
| 38:10 | JUEZ94 · first_building Castle |
| 39:08 | PinBuckle914816 · wall_segment Stone Wall x15 |
| 39:36 | JUEZ94 · first_building Archery Range |
| 40:03 | GheeButtersnaps · first_building Castle |
| 44:58 | Ludopata · first_building Castle |
| 45:11 | Ludopata · wall_segment Stone Wall x18 |
| 46:16 | Ludopata · age_up imperial |
| 46:34 | GheeButtersnaps · age_up imperial |
| 46:44 | JUEZ94 · wall_segment Stone Wall x16 |
| 48:53 | LevelH3ro · wall_segment Stone Wall x14 |
| 50:48 | GheeButtersnaps · wall_segment Stone Wall x6 |
| 50:56 | GheeButtersnaps · wall_segment Stone Wall x6 |
| 51:27 | Ludopata · first_building Stable |
| 51:42 | JUEZ94 · first_building Siege Workshop |
| 52:42 | Ludopata · first_building Archery Range |
| 53:08 | Ludopata · wall_segment Stone Wall x15 |
| 54:27 | GheeButtersnaps · first_building Siege Workshop |
| 56:29 | JUEZ94 · wall_segment Stone Wall x17 |
| 57:49 | Ludopata · wall_segment Stone Wall x13 |
| 58:58 | tadborowski · wall_segment Palisade Wall x16 |
| 61:15 | LevelH3ro · wall_segment Stone Wall x1 |
| 61:18 | Ludopata · wall_segment Stone Wall x8 |
| 62:40 | PinBuckle914816 · first_building Archery Range |
| 62:53 | Ludopata · wall_segment Stone Wall x4 |
| 65:17 | Ludopata · wall_segment Stone Wall x7 |
| 66:04 | tadborowski · wall_segment Palisade Wall x6 |
| 66:17 | tadborowski · wall_segment Palisade Wall x16 |
| 66:18 | Ludopata · first_market_sell 100 wood |
| 68:27 | PinBuckle914816 · first_market_sell 500 wood |
| 69:21 | Ludopata · wall_segment Stone Wall x5 |
| 77:21 | PinBuckle914816 · wall_segment Stone Wall x7 |
| 79:03 | tadborowski · wall_segment Palisade Wall x11 |
| 81:41 | JUEZ94 · wall_segment Stone Wall x7 |
| 83:16 | PinBuckle914816 · resign |
[ ANÁLISIS IA · 1 CRÉDITO ]
¿Qué pasó realmente en esta partida?
Wolo.gg analiza cada decisión: build order, eco, micro, errores típicos por bracket. Análisis personalizado por WhatsApp o Discord en 30 segundos.
Guía civ
Lituanos
Perfil
Jugador #22257596